 Dungeon Crawl Stone Soup version 0.29.1-12-g30fa7ad0bf (webtiles) character file.

Game seed: 1014184552282070115

198 wormed the Ruffian (level 5, -2/50 HPs)
             Began as a Troll Gladiator on Dec 23, 2022.
             Killed by divine providence
             ... invoked by an orc priest
              (14 damage)
             ... on level 4 of the Dungeon.
             The game lasted 00:02:30 (2363 turns).

wormed the Ruffian (Troll Gladiator)                Turns: 2363, Time: 00:02:31

Health: -2/50      AC:  4    Str: 24    XL:     5   Next: 47%
Magic:  4/4        EV: 10    Int:  4    God:
Gold:   179        SH:  0    Dex: 11    Spells: 4/4 levels left

rFire   + . .      SeeInvis .     - Unarmed
rCold   + . .      Faith    .   (no shield)
rNeg    . . .      Spirit   .   a - +0 robe
rPois   .          Reflect  .   b - +0 hat
rElec   .          Harm     .   q - scarf {rC+ rF+}
rCorr   .          Rampage  .   (gloves unavailable)
Will    .....                   (boots unavailable)
Stlth   +.........              f - amulet of regeneration
HPRegen 1.76/turn               (no ring)
MPRegen 0.09/turn               (no ring)

@: no status effects
A: large, unfitting armour, claws 3, regeneration 1, shaggy fur 1, tough skin 1
a: no special abilities


You were on level 4 of the Dungeon.
You visited 1 branch of the dungeon, and saw 4 of its levels.

You collected 179 gold pieces.

Inventory:

Missiles
 c - 3 throwing nets
 d - 3 large rocks (quivered)
Armour
 a - a +0 robe (worn)
 b - a +0 hat (worn)
 q - a scarf of resistance (worn)
Jewellery
 f - an amulet of regeneration (around neck)
 v - an amulet of magic regeneration
Scrolls
 e - 3 scrolls of enchant weapon {unknown}
 g - a scroll of summoning {unknown}
 h - a scroll of blinking {unknown}
 i - 8 scrolls of identify {unknown}
 k - 2 scrolls of butterflies {unknown}
 l - a scroll of teleportation {unknown}
 m - a scroll of brand weapon {unknown}
 o - 2 scrolls of noise {unknown}
 t - a scroll of enchant armour {unknown}
Potions
 j - 2 potions of haste {unknown}
 n - 2 potions of heal wounds {unknown}
 p - 2 potions of curing {unknown}
 r - a potion of lignification {unknown}
 s - 2 potions of brilliance {unknown}
 u - a potion of resistance {unknown}


   Skills:
 + Level 2.3 Fighting
 + Level 2.6 Throwing
 + Level 1.5 Armour
 + Level 3.0 Dodging
 * Level 4.3 Unarmed Combat


You had 4 spell levels left.
You didn't know any spells.
Your spell library contained the following spells:

 Spells                   Type           Power      Damage    Failure   Level
 Call Canine Familiar     Summ           0%         N/A       86%         3
 Portal Projectile        Hex/Tloc       0%         N/A       86%         3
 Leda's Liquefaction      Hex/Erth       0%         N/A       99%         4


Dungeon Overview and Level Annotations

Branches:
Dungeon (4/15)
 Temple: D:4-7

Altars:
Nemelex Xobeh

Shops:
D:1 [


Innate Abilities, Weirdness & Mutations

You are too large for most types of armour.
You have claws for hands.
Your natural rate of healing is unusually fast.
You are covered in fur. (AC +1)
You have tough skin. (AC +1)


Message History

The orc misses you. The orc closely misses you. The orc barely misses you.
You are too injured to fight recklessly!
You are too injured to fight recklessly!
You are too injured to fight recklessly!
You are too injured to fight recklessly!
You are too injured to fight recklessly!
You are too injured to fight recklessly!
You are too injured to fight recklessly!
You are too injured to fight recklessly!
You are too injured to fight recklessly!
You are too injured to fight recklessly!
You are too injured to fight recklessly!
You are too injured to fight recklessly!
You are too injured to fight recklessly!
You are too injured to fight recklessly!
You are too injured to fight recklessly!
You are too injured to fight recklessly!
You are too injured to fight recklessly!
You are too injured to fight recklessly!
You are too injured to fight recklessly!
You are too injured to fight recklessly!
You are too injured to fight recklessly!
The orc priest attacks as you move away!
The orc priest hits you with a +0 hand axe.
* * * LOW HITPOINT WARNING * * *
The orc hits you but does no damage. The orc attacks as you move away!
The orc misses you.
The orc priest attacks as you move away!
The orc priest hits you with a +0 hand axe.
* * * LOW HITPOINT WARNING * * *
The orc priest looks encouraged for a moment.
The orc attacks as you move away! The orc hits you with a +0 club.
* * * LOW HITPOINT WARNING * * *
You see here a +0 robe.
The orc attacks as you move away! The orc hits you with a +0 vorpal mace.
* * * LOW HITPOINT WARNING * * *
x2 The orc priest looks braver for a moment.
The orc priest mumbles some strange prayers to Beogh against you.
Beogh smites you!
You die...

##....# #... #.##..###
#...#########.....#.<
##.....#.....##.......
#.....................
.......#...............<.....
.......#.....................
.......#.................##..
..(..#....@............##†.
....#...o.................
#..##.o####...).##.......
...###..##[.######'####.......
.........o..#.............##..
.........o..#.............##..
............#.........[....#..
............#..............'..
.....#......##.......##....#..


You could see an orc priest and 3 orcs.

Vanquished Creatures
  The ghost of sigtrap the Sneak, an amateur SpBr (D:3)
  8 adders
  3 worms
  A dart slug (D:2)
  5 endoplasms
  3 giant cockroaches
  2 goblins
  6 hobgoblins
  4 jackals (D:1)
  2 quokkas (D:1)
  3 ball pythons
  4 bats
  3 frilled lizards
  3 kobolds
  3 rats
51 creatures vanquished.

Notes
Turn   | Place    | Note
-------+----------+-------------------------------------------
     0 | D:1      | wormed the Troll Gladiator began the quest for the Orb.
     0 | D:1      | Reached XP level 1. HP: 19/19 MP: 0/0
    96 | D:1      | Reached XP level 2. HP: 28/28 MP: 1/1
   325 | D:1      | Found Magah's Armour Shop.
   571 | D:2      | Reached XP level 3. HP: 35/35 MP: 2/2
   679 | D:2      | Reached skill level 1 in Armour
   849 | D:2      | Reached XP level 4. HP: 39/42 MP: 3/3
   911 | D:2      | Found a sparkling altar of Nemelex Xobeh.
  1065 | D:2      | Found a faded altar of an unknown god.
  1830 | D:3      | Found a runed translucent door.
  1836 | D:3      | Noticed sigtrap's ghost (amateur SpBr)
  1851 | D:3      | Reached skill level 4 in Unarmed Combat
  1868 | D:3      | Killed sigtrap's ghost
  1869 | D:3      | Reached XP level 5. HP: 49/49 MP: 4/4
  2363 | D:4      | Killed from afar by an orc priest

Illustrated notes

Levels and vault maps discovered:
D:1:      dpeg_arrival_rhombi, layout_basic, serial_shops, shop
D:2:      cheibrodos_old_hovel, layout_loops_corners, basic_altar,
          shapermc_ecumenical_altar_ellora, minmay_crystal_water
D:3:      layout_basic, ebering_ghost_sewer_d, guppyfry_early_lair_pool
D:4:      layout_gridville, uniq_sigmund

Skill      XL: |  1  2  3  4 |
---------------+-------------+-----
Throwing       | 2 |  2.6
Armour         | 1 |  1.5
Fighting       | 2 |  2.3
Unarmed Combat | 4 |  4.3
Dodging        | 3 |  3.0

Action                   |  1- 3 |  4- 6 || total
-------------------------+-------+-------++-------
Melee: Unarmed           |    97 |    82 ||   179
       Punch             |     1 |       ||     1
 Stab: Sleeping          |     2 |       ||     2
Armor: Robe              |    33 |    31 ||    64
Dodge: Dodged            |    41 |    41 ||    82
